 Dungeon Crawl Stone Soup version 0.17-a0-2108-g65e8068 (webtiles) character file.

7835 Ordine the Cruncher (level 11, -6/97 HPs)
             Began as a Minotaur Gladiator on Oct 18, 2015.
             Was a High Priest of Okawaru.
             Mangled by Snorg (15 damage)
             ... on level 10 of the Dungeon on Oct 19, 2015.
             The game lasted 00:32:13 (9334 turns).

Ordine the Cruncher (Minotaur Gladiator)            Turns: 9334, Time: 00:32:13

Health: -6/97      AC: 21    Str: 20    XL:     11   Next: 2%
Magic:  8/8        EV: 11    Int:  5    God:    Okawaru [*****.]
Gold:   560        SH:  0    Dex: 16    Spells: 0 memorised, 10 levels left

rFire  . . .     SeeInvis .     a - +1 quarterstaff
rCold  . . .     Clarity  .     l - +2 plate armour {rPois}
rNeg   . . .     SustAt   .     (no shield)
rPois  +         Gourm    .     c - +0 hat
rElec  +         Spirit   .     u - +1 cloak {rPois}
rCorr  .         Warding  .     m - +0 pair of gloves
rMut   .         Stasis   .     v - +1 pair of boots
MR     +....                    h - amulet of rage
Stlth  ..........               j - +1 ring of evasion
                                n - ring of protection from magic

@: about to teleport, somewhat resistant to hostile enchantments, extremely
unstealthy
A: retaliatory headbutt, horns 2, agile 1, blurry vision 1, low mp 1,
electricity resistance, spit poison 1
a: Spit Poison, Heroism, Finesse, Renounce Religion, Evoke Berserk Rage


You were on level 10 of the Dungeon.
You worshipped Okawaru.
Okawaru was extremely pleased with you.
You were not hungry.

You visited 2 branches of the dungeon, and saw 11 of its levels.

You collected 560 gold pieces.

Inventory:

Hand Weapons
 a - a +1 quarterstaff (weapon)
Missiles
 d - 4 throwing nets (quivered)
Armour
 c - a +0 hat (worn)
 l - a +2 plate armour of poison resistance (worn)
 m - a +0 pair of gloves (worn)
 u - a +1 cloak of poison resistance (worn)
 v - a +1 pair of boots (worn)
Magical Staves
 t - an uncursed staff of conjuration
 B - an uncursed staff of wizardry
Jewellery
 h - an amulet of rage (around neck)
 j - a +1 ring of evasion (right hand)
 n - a ring of protection from magic (left hand)
 D - an uncursed ring of flight
Wands
 y - a wand of teleportation (1)
 C - a wand of fire (6)
Scrolls
 b - 6 scrolls of remove curse
 f - a scroll of amnesia
 s - 2 scrolls of enchant weapon
Potions
 r - a potion of flight
 x - a potion of curing
Books
 g - a book of Alchemy

   Spells                             Type                      Level
   a - Sublimation of Blood           Necromancy                   2
   b - Ignite Poison                  Fire/Transmutation/Poison    3
   c - Alistair's Intoxication        Transmutation/Poison         4
   d - Condensation Shield            Ice                          4
   e - Petrify                        Transmutation/Earth          4
   f - Irradiate                      Conjuration/Transmutation    5
 o - a Necronomicon

   Spells                             Type                      Level
   a - Haunt                          Necromancy/Summoning         7
   b - Borgnjor's Revivification      Necromancy                   8
   c - Death's Door                   Charms/Necromancy            8
   d - Necromutation                  Transmutation/Necromancy     8
 w - a book of Minor Magic

   Spells                             Type                      Level
   a - Magic Dart                     Conjuration                  1
   b - Blink                          Translocation                2
   c - Call Imp                       Summoning                    2
   d - Repel Missiles                 Charms/Air                   2
   e - Slow                           Hexes                        2
   f - Conjure Flame                  Conjuration/Fire             3
   g - Mephitic Cloud                 Conjuration/Poison/Air       3
 z - a Young Poisoner's Handbook

   Spells                             Type                      Level
   a - Sting                          Conjuration/Poison           1
   b - Cure Poison                    Poison                       2
   c - Mephitic Cloud                 Conjuration/Poison/Air       3
   d - Olgreb's Toxic Radiance        Poison                       4
   e - Venom Bolt                     Conjuration/Poison           5
Comestibles
 e - 13 bread rations
 i - 2 slices of pizza
 k - 9 fruits
 p - 5 meat rations
 q - 2 chunks of flesh


   Skills:
 + Level 9.1 Fighting
 - Level 14.0 Staves
 - Level 2.0 Throwing
 + Level 8.2 Armour
 + Level 8.3 Dodging


You had 10 spell levels left.
You didn't know any spells.

Dungeon Overview and Level Annotations

Branches:
Dungeon (10/15)            Temple (1/1) D:5             Orc (0/4) D:9
   Lair: D:8-11

Altars:
Ashenzari
Cheibriados
Dithmenos
Elyvilon
Fedhas
Gozag
Kikubaaqudgha
Makhleb
Nemelex Xobeh
Okawaru
Qazlal
Ru
Sif Muna
Trog
Vehumet
Xom
Yredelemnul
Zin
The Shining One
Beogh

Annotations:
D:3 iron grate
D:10 Snorg


Innate Abilities, Weirdness & Mutations

You reflexively headbutt those who attack you in melee.
You have a pair of horns on your head.
You are agile. (Dex +2)
Scrolls take you a little longer to read.
Your magical capacity is low (-10% MP).
You are resistant to electric shocks.
You can spit weak poison.


Message History

It was a potion of cancellation.
You feel magically purged. Snorg barely misses you.
Snorg claws you but does no damage. Snorg claws you but does no damage.
Read which item? (? for menu, Esc to quit)
Okay, then.
Evoke which item? (* to show all) (? for menu, Esc to quit)
Zapping:
y - a wand of teleportation (will waste charges)
Press: ? - help, Shift-Dir - straight line, f - you You feel strangely unstable.
Evoking this partially-identified wand wasted a few charges.
Snorg closely misses you. x2
Snorg claws you!
* * * LOW HITPOINT WARNING * * *
Snorg bites you.
* * * LOW HITPOINT WARNING * * *
Snorg claws you but does no damage. x2
Unknown command.
There is a stone staircase leading up, spattered with blood here.
Snorg bites you!
You die...

.# .# .# .# ###.#
... #.# #@# #T# #Y#
#.# #.# #.#
######.########.##
.........[.........
####.######Y######


You could see Snorg (berserk) and a yak.

Vanquished Creatures
  An unseen horror (D:6)
  The ghost of comborobin the Cleaver, a novice HOSu of Trog (D:6)
  Prince Ribbit (D:8)
  Sigmund (D:2)
  The ghost of comborobin the Skirmisher, an amateur HOSu (D:3)
  A deep elf mage (D:9)
  Eustachio (D:4)
  2 yaks (D:10)
  Menkaure (D:6)
  Edmund (D:6)
  A hippogriff (D:8)
  A water moccasin (D:6)
  Duvessa (D:6)
  2 sky beasts (D:9)
  2 ice beasts
  An orc warrior (D:9)
  3 centaurs
  4 big kobolds
  A crocodile (D:10)
  8 ogres
  3 gnoll sergeants
  Dowan (D:6)
  3 giant frogs
  3 scorpions
  10 killer bees
  A wyvern skeleton (D:8)
  A centaur zombie (D:8)
  9 wights
  A giant frog zombie (D:7)
  7 crimson imps
  A quasit (D:9)
  15 hounds
  7 orc priests
  11 orc wizards
  Crazy Yiuf (D:5)
  A giant frog skeleton (D:10)
  A gnoll shaman (D:7)
  A jelly (D:6)
  Terence (D:2)
  6 iguanas
  6 worker ants
  A worker ant zombie (D:9)
  A hound skeleton (D:7)
  7 adders
  10 gnolls
  2 river rats (D:10)
  2 shadow imps (D:6)
  An ooze (D:1)
  2 adder skeletons
  2 worms
  5 giant geckos
  23 orcs
  11 hobgoblins
  7 jackals
  6 quokkas
  2 ball pythons (D:1)
  9 bats
  8 giant cockroaches
  7 giant newts
  10 goblins
  29 kobolds
  6 rats
  2 plants (D:7)
278 creatures vanquished.

Vanquished Creatures (others)
  4 jackals (D:5)
  6 fungi (D:10)
  4 plants (D:10)
14 creatures vanquished.

Grand Total: 292 creatures vanquished

Notes
Turn   | Place    | Note
--------------------------------------------------------------
     0 | D:1      | Ordine the Minotaur Gladiator began the quest for the Orb.
     0 | D:1      | Reached XP level 1. HP: 18/18 MP: 0/0
    28 | D:1      | Reached skill level 4 in Staves
    35 | D:1      | Reached XP level 2. HP: 23/25 MP: 1/1
   435 | D:1      | Reached skill level 5 in Staves
   440 | D:1      | Reached XP level 3. HP: 30/30 MP: 2/2
   790 | D:2      | Noticed Sigmund
   805 | D:2      | Killed Sigmund
   805 | D:2      | Reached skill level 7 in Staves
   805 | D:2      | Reached XP level 4. HP: 37/37 MP: 3/3
   805 | D:2      | Reached XP level 5. HP: 42/42 MP: 4/4
   851 | D:2      | Found a faded altar to an unknown god.
   928 | D:2      | Noticed Terence
   942 | D:2      | Killed Terence
   942 | D:2      | Reached skill level 8 in Staves
   993 | D:2      | Reached XP level 6. HP: 48/50 MP: 5/5
  1202 | D:2      | Found a deep blue altar of Sif Muna.
  1236 | D:3      | Noticed comborobin's ghost (amateur HOSu)
  1266 | D:3      | Killed comborobin's ghost
  1266 | D:3      | Reached skill level 9 in Staves
  1498 | D:3      | Found a shimmering altar of Xom.
  1716 | D:3      | Found a glowing silver altar of Zin.
  2029 | D:4      | Reached XP level 7. HP: 52/56 MP: 6/6
  2195 | D:4      | Noticed Eustachio
  2220 | D:4      | Killed Eustachio
  2220 | D:4      | Reached skill level 10 in Staves
  2550 | D:5      | Entered Level 5 of the Dungeon
  2695 | D:5      | Found a staircase to the Ecumenical Temple.
  2704 | Temple   | Entered the Ecumenical Temple
  2897 | Temple   | Became a worshipper of Warmaster Okawaru
  3185 | D:5      | Reached skill level 11 in Staves
  3358 | D:5      | Reached XP level 8. HP: 48/62 MP: 7/7
  3885 | D:5      | Reached skill level 12 in Staves
  3903 | D:5      | Reached * piety under Okawaru
  4200 | D:5      | Noticed Crazy Yiuf
  4205 | D:5      | Killed Crazy Yiuf
  4642 | D:6      | Noticed Duvessa
  4644 | D:6      | Noticed Dowan
  4645 | D:6      | Noticed Menkaure
  4653 | D:6      | Killed Duvessa
  4654 | D:6      | Noticed comborobin's ghost (novice HOSu)
  4661 | D:6      | Killed Dowan
  4675 | D:6      | Killed comborobin's ghost
  4675 | D:6      | Reached skill level 13 in Staves
  4675 | D:6      | Reached XP level 9. HP: 52/68 MP: 8/8
  4680 | D:6      | Killed Menkaure
  4912 | D:6      | Noticed Edmund
  4930 | D:6      | Killed Edmund
  4930 | D:6      | Reached ** piety under Okawaru
  4930 | D:6      | Reached skill level 14 in Staves
  4983 | D:6      | Reached skill level 1 in Armour
  5607 | D:6      | Killed an unseen horror
  5607 | D:6      | Reached *** piety under Okawaru
  5607 | D:6      | Reached skill level 5 in Fighting
  5607 | D:6      | Reached skill level 5 in Dodging
  6339 | D:7      | Reached skill level 5 in Armour
  6576 | D:7      | Reached XP level 10. HP: 49/84 MP: 9/9
  6849 | D:7      | Reached **** piety under Okawaru
  7196 | D:8      | Found a radiant altar of Vehumet.
  7294 | D:8      | Noticed Prince Ribbit
  7862 | D:8      | Found a blossoming altar of Fedhas.
  8056 | D:8      | Gained mutation: You are agile. (Dex +2) [mutagenic meat]
  8057 | D:8      | Gained mutation: Scrolls take you a little longer to read. [mutagenic meat]
  8158 | D:9      | Found a staircase to the Orcish Mines.
  8365 | D:9      | Found a roughly hewn altar of Beogh.
  8488 | D:9      | Found a white marble altar of Elyvilon.
  8525 | D:9      | Reached ***** piety under Okawaru
  8957 | D:9      | Gained mutation: Your magical capacity is low (-10% MP). [mutagenic meat]
  8958 | D:9      | Gained mutation: You are resistant to electric shocks. [mutagenic meat]
  8959 | D:9      | Gained mutation: You can spit weak poison. [mutagenic meat]
  9226 | D:8      | Killed Prince Ribbit
  9250 | D:10     | Entered Level 10 of the Dungeon
  9272 | D:10     | Noticed Snorg
  9304 | D:10     | Reached XP level 11. HP: 90/97 MP: 8/8
  9334 | D:10     | Mangled by Snorg

Vault maps used:
D:1:      lightli_arrival_noodles
D:2:      led_sif_pool, ecumenical_altar_1, uniq_terence, uniq_sigmund
D:3:      zin_scriptorium, lemuel_round_altar, first_bread
D:4:      uniq_eustachio
D:5:      lemuel_temple_firewalk, st_stairs_14, uniq_crazy_yiuf_cottage
D:6:      grunt_ministairs_13, uniq_edmund, uniq_duvessa, uniq_menkaure
D:7:      kennysheep_housing_project
D:8:      nicolae_overflow_hidden_temple, lemuel_altar_in_water2,
          uniq_prince_ribbit1
D:9:      elyvilon_altar_3, minmay_orc_entry_temple_small
D:10:     grunt_lair_entry_elf_guard_hut, uniq_psyche, uniq_harold,
          uniq_maurice, uniq_snorg
Temple:   chambers_temple_14

Action                   |  1- 3 |  4- 6 |  7- 9 | 10-12 || total
-------------------------+-------+-------+-------+-------++-------
Melee: Quarterstaff      |    97 |    99 |   370 |   450 ||  1016
 Abil: Evoke Berserk Rag |     1 |       |       |       ||     1
Evoke: Wand              |       |       |       |     1 ||     1
  Use: Scroll            |     3 |     5 |     7 |     4 ||    19
       Potion            |       |     3 |     5 |     3 ||    11
  Eat: Chunk             |       |     5 |    13 |    15 ||    33
       Pizza             |       |       |     1 |       ||     1
